 Dungeon Crawl Stone Soup version 0.26-a0-1205-g4083c211ab (webtiles) character file.

Game seed: 8894003217613013299

172 P0NYSLAYSTATION the Skirmisher (level 5, -1/47 HPs)
             Began as a Minotaur Monk on Dec 29, 2020.
             Slain by an orc wizard
             ... wielding a +0 dagger
              (2 damage)
             ... on level 5 of the Dungeon.
             The game lasted 00:05:25 (1233 turns).

P0NYSLAYSTATION the Skirmisher (Minotaur Monk)      Turns: 1233, Time: 00:05:25

Health: -1/47      AC:  5    Str: 15 (17) XL:     5   Next: 27%
Magic:  4/4        EV: 11    Int:  4 (7)  God:
Gold:   82         SH:  0    Dex: 10 (12) Spells: 4/4 levels left

rFire    . . .     SeeInvis .   a - +0 hand axe
rCold    . . .     Faith    .   l - +0 buckler
rNeg     . . .     Spirit   .   j - +0 ring mail
rPois    .         Reflect  .   (helmet restricted)
rElec    .         Harm     .   (no cloak)
rCorr    .         Rampage  .   (no gloves)
Will     .....                  (no boots)
Stlth    ..........             (no amulet)
HPRegen  0.15/turn              (no ring)
MPRegen  0.09/turn              (no ring)

@: confused, mighty, brilliant
A: retaliatory headbutt, horns 2
a: no special abilities


You were on level 5 of the Dungeon.
You visited 1 branch of the dungeon, and saw 5 of its levels.

You collected 82 gold pieces.

Inventory:

Hand Weapons
 a - a +0 hand axe (weapon)
 m - a +0 trident of venom
Missiles
 d - 78 stones (quivered)
 e - 39 poisoned darts
Armour
 b - a +0 robe
 j - a +0 ring mail (worn)
 l - a +0 buckler (worn)
Scrolls
 c - a scroll of noise {unknown}
 f - 2 scrolls of amnesia {unknown}
 i - a scroll of remove curse {unknown}
 k - a scroll of fog {unknown}
 o - a scroll of teleportation {unknown}


   Skills:
 + Level 4.6 Fighting
 + Level 4.6 Axes
 * Level 2.4 Armour
 + Level 4.1 Dodging
 + Level 2.1 Stealth
 * Level 1.2 Shields


You had 4 spell levels left.
You didn't know any spells.
Your spell library was empty.

Dungeon Overview and Level Annotations

Branches:
Dungeon (5/15)
 Temple: D:4-7

Altars:


Innate Abilities, Weirdness & Mutations

You reflexively headbutt those who attack you in melee.
You have a pair of horns on your head.


Message History

Something hits you but does no damage.
It was a potion of brilliance.
You feel clever all of a sudden.
You hear some strange, mumbled words.
You are more confused.
You bump into the rock wall.
Something hits you but does no damage.
You bump into the rock wall.
Something hits you but does no damage.
You miss something.
You hear some strange, mumbled words.
Something tries to affect you, but you resist.
You bump into the rock wall.
Something hits you but does no damage.
You bump into the rock wall.
You hear some strange, mumbled words.
You are more confused.
Something hits you but does no damage.
You completely miss something. Something hits you.
* * * LOW HITPOINT WARNING * * *
You completely miss something. Something hits you but does no damage.
You completely miss something. Something hits you.
You die...

:.............# #. #
....########.# #. #)
... #######.####. .
#.# ..........##.
#.#.# #######.#.##.
#.#.##########.#.##.
#?.............#.##.
#.#.############.##.
#@# #.##. #{# #.##.
#)# #.##. ..# #.##.
#### #.##. #.##.
#.... ###.. #..


There were no monsters in sight!

Vanquished Creatures
  An orc priest (D:5)
  A bullfrog skeleton (D:5)
  An orc wizard (D:5)
  Jessica (D:2)
  A worker ant (D:4)
  A hound skeleton (D:4)
  An adder (D:5)
  A dart slug (D:5)
  A ball python (D:4)
  2 giant cockroaches
  2 goblins
  2 hobgoblins
  A bat (D:3)
  A frilled lizard (D:1)
  A giant cockroach zombie (D:5)
  A kobold (D:2)
  A leopard gecko skeleton (D:4)
  2 rats
22 creatures vanquished.

Notes
Turn   | Place    | Note
-------+----------+-------------------------------------------
     0 | D:1      | P0NYSLAYSTATION the Minotaur Monk began the quest for the
                  | Orb.
     0 | D:1      | Reached XP level 1. HP: 19/19 MP: 0/0
   248 | D:2      | Noticed Jessica
   277 | D:2      | Killed Jessica
   278 | D:2      | Reached skill level 1 in Armour
   278 | D:2      | Reached XP level 2. HP: 21/27 MP: 1/1
   278 | D:2      | Reached XP level 3. HP: 26/33 MP: 2/2
   573 | D:4      | Reached XP level 4. HP: 37/41 MP: 3/3
   701 | D:5      | Entered Level 5 of the Dungeon
  1200 | D:5      | Reached skill level 1 in Shields
  1200 | D:5      | Reached XP level 5. HP: 30/47 MP: 4/4
  1231 | D:5      | HP: 1/47 [something (3)]
  1233 | D:5      | Slain by an orc wizard

Illustrated notes

Levels and vault maps discovered:
D:1:      ncdulo_watergridlock, layout_loops_corners,
          wad_floor_pattern_untrapped, nrook_mini_backslash
D:2:      layout_loops_ring, bloody_trog, mrwooster_statue_mirror,
          trog_hazing_becter, uniq_jessica, uniq_terence
D:3:      layout_basic
D:4:      layout_gridville
D:5:      layout_basic, kennysheep_potato

Skill      XL: |  1  2  3  4 |
---------------+-------------+-----
Fighting       | 4 |  4.6
Axes           | 4 |  4.6
Armour         | 1 2 |  2.4
Dodging        | 4 |  4.1
Stealth        | 2 |  2.1
Shields        | 1 |  1.2

Action                   |  1- 3 |  4- 6 || total
-------------------------+-------+-------++-------
Melee: Hand axe          |    44 |    57 ||   101
       Headbutt          |     5 |     7 ||    12
  Use: Potion            |       |     3 ||     3
 Stab: Sleeping          |     1 |       ||     1
Armor: Robe              |     2 |       ||     2
       Ring mail         |     2 |    17 ||    19
Dodge: Dodged            |    28 |    27 ||    55
Block: Buckler           |       |     5 ||     5

Table legend: (Time is in decaauts)
 A = Elapsed time spent in this place.
 B = Non-inter-level travel time spent in this place.
 C = Inter-level travel time spent in this place.
 D = Time resting spent in this place.
 E = Time spent auto-exploring this place.
 F = Levels seen in this place.
 G = Mean time per level.
                   A        B        C        D        E       F      G
               +--------+--------+--------+--------+--------+-----+--------+
         Total |   1248 |   1083 |    165 |      0 |    775 |   5 |  249.6 |
       Dungeon |   1248 |   1083 |    165 |      0 |    775 |   5 |  249.6 |
               +--------+--------+--------+--------+--------+-----+--------+

Top non-repeatable levels by time:
     D:5: 536 daAuts
     D:1: 249 daAuts
     D:4: 213 daAuts
     D:2: 172 daAuts
     D:3: 76 daAuts
